 Dungeon Crawl Stone Soup version 0.21.1-1-g345015fe64 (webtiles) character file.

1188 Naow the Cleaver (level 8, -2/58 HPs)
             Began as a Formicid Fighter on June 11, 2018.
             Killed by nerve-wracking pain
             ... invoked by a shadow imp
              (4 damage)
             ... on level 8 of the Dungeon.
             The game lasted 00:06:42 (5327 turns).

Naow the Cleaver (Formicid Fighter)                 Turns: 5327, Time: 00:06:42

Health: -2/58      AC:  8    Str: 23    XL:     8   Next: 71%
Magic:  8/8        EV:  9    Int:  8    God:
Gold:   390        SH: 11    Dex: 10    Spells: 7/7 levels left

rFire    . . .     SeeInvis +   a - +0 war axe
rCold    . . .     Gourm    .   c - +0 shield
rNeg     . . .     Faith    .   b - +0 scale mail
rPois    .         Spirit   .   (helmet unavailable)
rElec    .         Reflect  .   p - +0 cloak
rCorr    .         Harm     .   (no gloves)
MR       .....                  (no boots)
Stlth    ..........             j - amulet of magic regeneration
HPRegen  0.19/turn              (no ring)
MPRegen  0.36/turn              (no ring)

@: no status effects
A: permanent stasis, dig shafts and tunnels, four strong arms, antennae 3
a: Dig, Shaft Self


You were on level 8 of the Dungeon.
You were not hungry.

You visited 1 branch of the dungeon, and saw 6 of its levels.

You collected 390 gold pieces.

Inventory:

Hand Weapons
 a - a +0 war axe (weapon)
 u - a +0 battleaxe
Armour
 b - a +0 scale mail (worn)
 c - a +0 shield (worn)
 p - a +0 cloak (worn)
Jewellery
 j - an amulet of magic regeneration (around neck)
 q - an uncursed ring of magical power {unknown}
 s - an uncursed amulet of the gourmand {unknown}
 t - an uncursed amulet of faith {unknown}
 w - an uncursed ring of poison resistance {unknown}
Wands
 m - a wand of iceblast (9)
 x - a wand of random effects (18)
 z - a wand of flame (6)
 B - a wand of polymorph (12)
Scrolls
 g - a scroll of magic mapping {unknown}
 h - 4 scrolls of identify {unknown}
 n - 4 scrolls of remove curse {unknown}
 o - a scroll of noise {unknown}
 r - 2 scrolls of enchant weapon {unknown}
 y - a scroll of enchant armour {unknown}
Potions
 d - a potion of cancellation {unknown}
 e - 2 potions of curing
 i - a potion of experience {unknown}
 k - a potion of lignification {unknown}
 l - a potion of invisibility {unknown}
 v - a potion of brilliance {unknown}
 A - 2 potions of magic {unknown}
 C - a potion of agility {unknown}
Books
 E - a book of Geomancy

   Spells                             Type                      Level
   a - Sandblast                      Earth                        1
   b - Passwall                       Transmutation/Earth          2
   c - Stone Arrow                    Conjuration/Earth            3
   d - Petrify                        Transmutation/Earth          4
   e - Lee's Rapid Deconstruction     Earth                        5
Comestibles
 f - 12 rations
 D - 2 chunks of flesh


   Skills:
 - Level 3.2 Fighting
 * Level 8.3 Axes
 - Level 3.2 Armour
 + Level 7.6 Shields


You had 7 spell levels left.
You didn't know any spells.

Dungeon Overview and Level Annotations

Branches:
Dungeon (5/15)
 Temple: D:4-7

Altars:
Hepliaklqana
Nemelex Xobeh
Sif Muna
Xom

Annotations:
D:5 Blork the orc


Innate Abilities, Weirdness & Mutations

You cannot be hasted, slowed, berserked, paralysed or teleported.
You can dig through walls and to a lower floor.
Your four strong arms can wield two-handed weapons with a shield.
You have a pair of large antennae on your head. (SInv)


Message History

The orc wizard casts a spell.
The orc wizard blinks!
The ogre hits you with a giant club!
You barely miss the ogre.
The ogre is almost dead.
The ogre hits you with a giant club!!
* * * LOW HITPOINT WARNING * * *
You slash the ogre!
You kill the ogre!
The orc throws a tomahawk.
You block the tomahawk.
The orc throws a tomahawk.
You block the tomahawk.
You see here a tomahawk.
The orc wizard gestures wildly while chanting.
The orc wizard seems to speed up.
A shadow imp comes into view.
The shadow imp shouts!
There is a stone staircase leading down here.
The orc throws a tomahawk.
You block the tomahawk. The shadow imp gestures at you.
Pain shoots through your body!
You die...

###### ......# ##
.5... . .... .#
#.. ..#
#..#########..###
#..@.(.oo........
##.######o.......
... #.##..###
#.##. #.# .# # #.
#.# # #. #O# #.
..# .. .### ..


You could see an orc wizard, a shadow imp and 2 orcs.

Vanquished Creatures
  Menkaure (D:4)
  The ghost of Anathary the Magician, an amateur DEAE of Vehumet (D:3)
  The ghost of nulman the Sneak, an amateur SpAs of Gozag (D:4)
  Duvessa (D:5)
  A phantom (D:4)
  An ogre (D:8)
  Dowan (D:5)
  A scorpion (D:5)
  A crimson imp (D:5)
  A bullfrog skeleton (D:5)
  2 hounds (D:4)
  An orc priest (D:3)
  An orc wizard (D:5)
  An iguana (D:4)
  2 worker ants
  Robin (D:3)
  3 gnolls (D:2)
  8 adders
  2 shadow imps (D:5)
  An ooze (D:5)
  A worm (D:2)
  2 dart slugs
  3 leopard geckos
  7 orcs
  2 giant cockroaches (D:3)
  14 goblins
  7 hobgoblins
  8 jackals
  6 kobolds
  3 quokkas
  A ball python (D:5)
  13 bats
  2 frilled lizards
  A jackal skeleton (D:5)
  A leopard gecko skeleton (D:4)
  8 rats
111 creatures vanquished.

Notes
Turn   | Place    | Note
-------+----------+-------------------------------------------
     0 | D:1      | Naow the Formicid Fighter began the quest for the Orb.
     0 | D:1      | Reached XP level 1. HP: 18/18 MP: 1/1
    91 | D:1      | Reached XP level 2. HP: 21/24 MP: 2/2
   847 | D:2      | Reached XP level 3. HP: 29/29 MP: 3/3
   847 | D:2      | Reached skill level 3 in Axes
   854 | D:2      | Found a hazy altar of Hepliaklqana.
   932 | D:2      | Reached XP level 4. HP: 4/35 MP: 4/4
  1983 | D:3      | Reached skill level 4 in Axes
  2076 | D:3      | Reached XP level 5. HP: 32/41 MP: 5/5
  2272 | D:3      | Reached skill level 5 in Shields
  2639 | D:3      | Noticed Anathary's ghost (amateur DEAE)
  2682 | D:4      | Reached XP level 6. HP: 33/47 MP: 6/6
  2694 | D:4      | Reached skill level 5 in Axes
  2720 | D:4      | Noticed a phantom
  2835 | D:4      | Killed a phantom
  3057 | D:4      | Noticed Menkaure
  3091 | D:5      | Entered Level 5 of the Dungeon
  3577 | D:5      | Found a deep blue altar of Sif Muna.
  3595 | D:5      | Reached XP level 7. HP: 50/52 MP: 7/7
  3774 | D:5      | Reached skill level 6 in Axes
  3884 | D:5      | Noticed Dowan
  3892 | D:5      | Noticed Duvessa
  3901 | D:5      | Killed Duvessa
  3901 | D:5      | Killed Dowan
  3913 | D:5      | Noticed Blork the orc
  4343 | D:4      | Found a sparkling altar of Nemelex Xobeh.
  4345 | D:4      | Found a shimmering altar of Xom.
  4364 | D:4      | Noticed nulman's ghost (amateur SpAs)
  4385 | D:4      | Killed nulman's ghost
  4385 | D:4      | Reached skill level 7 in Axes
  4385 | D:4      | Reached XP level 8. HP: 49/58 MP: 8/8
  4699 | D:3      | Killed Anathary's ghost
  4717 | D:3      | Noticed Robin
  4729 | D:3      | Killed Robin
  4940 | D:4      | Killed Menkaure
  5098 | D:5      | Reached skill level 8 in Axes
  5302 | D:5      | You fall through a shaft for 3 floors!
  5321 | D:8      | HP: 1/58 [ogre/giant club (24)]
  5327 | D:8      | Killed from afar by a shadow imp

Skill      XL: |  1  2  3  4  5  6  7  8 |
---------------+-------------------------+-----
Shields        | 4 5 6 7 |  7.6
Axes           | 3 4 5 7 8 |  8.3
Fighting       | |  3.2
Armour         | |  3.2

Action                   |  1- 3 |  4- 6 |  7- 9 || total
-------------------------+-------+-------+-------++-------
Melee: War axe           |    70 |   216 |   155 ||   441
  Use: Potion            |       |     1 |     1 ||     2
  Eat: Chunk             |       |     5 |     6 ||    11
       Ration            |       |     1 |       ||     1
Armor: Scale mail        |    27 |    99 |    46 ||   172
       Skin              |       |       |     6 ||     6
Dodge: Dodged            |    18 |    78 |    47 ||   143
Block: Shield            |    35 |   118 |    91 ||   244
